 Dungeon Crawl Stone Soup version 0.17-a0-1976-g482a304 (webtiles) character file.

231 Adamkad1 the Skirmisher (level 6, -4/57 HPs)
             Began as a Naga Fighter on Oct 5, 2015.
             Slain by an ogre
             ... wielding a +0 giant spiked club
              (25 damage)
             ... on level 4 of the Dungeon.
             The game lasted 00:09:46 (3332 turns).

Adamkad1 the Skirmisher (Naga Fighter)              Turns: 3332, Time: 00:09:47

Health: -4/57      AC: 17    Str: 18    XL:     6   Next: 4%
Magic:  6/6        EV:  1    Int:  9    God:
Gold:   179        SH:  9    Dex:  9    Spells: 0 memorised, 5 levels left

rFire  . . .     SeeInvis +     l - +2 flail (protect)
rCold  . . .     Clarity  .     j - +0 plate armour
rNeg   . . .     SustAt   .     c - +0 shield
rPois  +         Gourm    .     (no helmet)
rElec  .         Spirit   .     (no cloak)
rCorr  .         Warding  .     (no gloves)
rMut   .         Stasis   .     (no barding)
MR     .....                    (no amulet)
Stlth  ..........               (no ring)
                                (no ring)

@: very slow, not resistant to hostile enchantments, extremely unstealthy
A: rough black scales 1, see invisible, deformed body, poison resistance,
screaming 1, slowness 2, slow metabolism 1, spit poison 2, weak 1, AC +2
a: Spit Poison


You were on level 4 of the Dungeon.
You were hungry.

You visited 1 branch of the dungeon, and saw 4 of its levels.

You collected 179 gold pieces.

Inventory:

Hand Weapons
 a - a +0 flail
 l - a +2 flail of protection (weapon)
 m - a +0 whip
 p - a +0 blowgun
Missiles
 k - 31 poisoned needles
Armour
 b - a +0 scale mail
 c - a +0 shield (worn)
 j - a +0 plate armour (worn)
Scrolls
 f - 5 scrolls of identify
 r - a scroll of remove curse
Potions
 d - 2 potions of might
 n - 2 potions of curing {unknown}
 q - 2 potions of heal wounds {unknown}
Comestibles
 e - 5 bread rations
 g - 4 chunks of flesh
 h - 4 meat rations
 i - a royal jelly
 o - 3 fruits


   Skills:
 + Level 3.9 Fighting
 + Level 3.0 Maces & Flails
 + Level 3.2 Armour
 + Level 0.8 Dodging
 + Level 3.7 Shields


You had 5 spell levels left.
You didn't know any spells.

Dungeon Overview and Level Annotations

Branches:
Dungeon (4/15)
 Temple: D:4-7

Altars:
Qazlal


Innate Abilities, Weirdness & Mutations

You cannot wear boots.
Your serpentine skin is tough (AC +2).
You have supernaturally acute eyesight.
Armour fits poorly on your strangely shaped body.
Your system is resistant to poisons.
You cover ground very slowly.
You have a slow metabolism.
You can spit poison.
You are partially covered in rough black scales (AC +4, Dex -1).
You occasionally shout uncontrollably at your foes.
You are weak. (Str -2)


Message History

You hit the ogre.
The ogre is severely wounded.
The ogre hits you with a giant spiked club!!
Your plate armour prevents you from hitting the ogre.
The ogre is severely wounded.
You have got your breath back.
The ogre hits you with a giant spiked club!
You hit the ogre.
The ogre is almost dead.
The ogre looks more healthy.
You block the ogre's attack.
The jackal skeleton bites you but does no damage.
You hit the ogre.
The ogre is almost dead.
You block the jackal skeleton's attack.
The ogre hits you with a giant spiked club!
Your plate armour prevents you from hitting the ogre.
The ogre is almost dead.
The jackal skeleton bites you but does no damage.
The ogre hits you with a giant spiked club!!
You die...

#..##.#...........## #
#..##.##.##...###.#
#.#..#...#.##...# #.##
###.#......#.##.#.# #...
##.[..........##...###..#
........####.>...........
##.###..# ##.###.####..#
#...## #..##.# #..#
#....#.O@# ##.##.# ####
#...##.Z#.# #.##.#
............ #.##.#
..#.#.#.###.##.##.# ..#
##..# .......# ...
.###.## ##### .... # .
..... #.. #####


You could see an ogre and a jackal skeleton.

Vanquished Creatures
  A worker ant (D:4)
  An iguana (D:4)
  3 gnolls (D:2)
  5 adders
  2 oozes
  4 worms
  2 giant geckos
  3 orcs
  A giant cockroach (D:3)
  5 hobgoblins
  3 jackals (D:2)
  2 quokkas (D:2)
  A ball python (D:2)
  6 bats
  11 giant newts
  14 goblins
  A jackal skeleton (D:4)
  8 kobolds
  24 rats
97 creatures vanquished.

Vanquished Creatures (others)
  A bush (D:1)
1 creature vanquished.

Grand Total: 98 creatures vanquished

Notes
Turn   | Place    | Note
--------------------------------------------------------------
     0 | D:1      | Adamkad1 the Naga Fighter began the quest for the Orb.
     0 | D:1      | Reached XP level 1. HP: 21/21 MP: 1/1
   328 | D:1      | Reached XP level 2. HP: 13/28 MP: 2/2
   986 | D:1      | Gained mutation: You are weak. (Str -2) [potion of mutation]
   986 | D:1      | Gained mutation: You occasionally shout uncontrollably at your foes. [potion of mutation]
   986 | D:1      | Gained mutation: You are partially covered in rough black scales (AC +4, Dex -1). [potion of mutation]
  1061 | D:1      | Reached XP level 3. HP: 31/34 MP: 3/3
  1249 | D:2      | Reached XP level 4. HP: 8/43 MP: 4/4
  1829 | D:2      | Found a stormy altar of Qazlal.
  2409 | D:3      | Reached XP level 5. HP: 49/49 MP: 5/5
  3290 | D:4      | Reached XP level 6. HP: 57/57 MP: 6/6
  3323 | D:4      | Noticed an ogre
  3332 | D:4      | Slain by an ogre

Vault maps used:
D:1:      sevenhm_arrival_forest_fort_small_3, serial_forest,
          infiniplex_forest_clump_cross, infiniplex_forest_end_3,
          infiniplex_forest_clump_C, infiniplex_forest_straight_2,
          infiniplex_forest_lined_3_way, infiniplex_forest_clump_diagonal,
          infiniplex_forest_lined_2, corexii_leaking_fountain, st_stairs_13
D:2:      grunt_qazlal_clouds, minmay_rat_hole
D:3:      first_bread
D:4:      lemuel_crystal_altar

Action                   |  1- 3 |  4- 6 || total
-------------------------+-------+-------++-------
Melee: Flail             |   104 |   202 ||   306
 Abil: Spit Poison       |     3 |    11 ||    14
  Use: Potion            |     2 |     1 ||     3
       Scroll            |       |     4 ||     4
  Eat: Chunk             |       |     7 ||     7
